 Dungeon Crawl Stone Soup version 0.19.5 (webtiles) character file.

9336 Inarius the Blocker (level 11, -16/94 HPs)
             Began as a Minotaur Fighter on Apr 18, 2017.
             Was a High Priest of Yredelemnul.
             Shot with a bolt by a yaktaur (21 damage)
             ... on level 11 of the Dungeon.
             The game lasted 00:42:04 (12554 turns).

Inarius the Blocker (Minotaur Fighter)             Turns: 12554, Time: 00:42:05

Health: -16/94     AC: 21    Str: 23    XL:     11   Next: 21%
Magic:  10/10      EV:  5    Int:  6    God:    Yredelemnul [*****.]
Gold:   509        SH: 21    Dex: 10    Spells: 0 memorised, 10 levels left

rFire  . . .     SeeInvis .     E - -3 long sword (curse)
rCold  . . .     Gourm    .     c - +0 plate armour
rNeg   . . .     Faith    .     u - +2 large shield
rPois  .         Spirit   .     (helmet restricted)
rElec  .         Reflect  .     p - +0 cloak
rCorr  .         Harm     .     F - +0 pair of gloves
MR     .....                    (no boots)
Stlth  ..........               (no amulet)
                                z - +4 ring of protection
                                (no ring)

@: no status effects
A: retaliatory headbutt, horns 2
a: Recall Undead Slaves, Injury Mirror, Animate Dead, Drain Life, Enslave Soul,
Renounce Religion


You were on level 11 of the Dungeon.
You worshipped Yredelemnul.
Yredelemnul was extremely pleased with you.
You were hungry.

You visited 1 branch of the dungeon, and saw 11 of its levels.

You collected 509 gold pieces.

Inventory:

Hand Weapons
 a - a +1 long sword
 j - a +2 dire flail of protection
 E - a cursed -3 long sword (weapon)
Missiles
 y - 3 tomahawks
 I - 2 javelins of returning
 K - 8 poisoned tomahawks
 L - 6 javelins (quivered)
Armour
 c - a +0 plate armour (worn)
 p - a +0 cloak (worn)
 u - a +2 large shield (worn)
 F - a +0 pair of gloves (worn)
Jewellery
 k - an uncursed ring of poison resistance
 z - a +4 ring of protection (right hand)
 J - an uncursed amulet of rage {unknown}
Wands
 i - a wand of iceblast (7/15)
 t - a wand of acid (4/15)
 w - a wand of iceblast (9/15)
 C - a wand of paralysis (14/24)
Scrolls
 b - a scroll of immolation
 e - 2 scrolls of fear {unknown}
 h - a scroll of noise
 o - 2 scrolls of fog
 x - a scroll of magic mapping {unknown}
 G - a scroll of recharging {unknown}
 H - a scroll of vulnerability {unknown}
Potions
 d - a potion of might
 l - 2 potions of curing {unknown}
 m - a potion of invisibility {unknown}
 n - a potion of agility {unknown}
 q - 3 potions of flight
 r - 2 potions of haste
 s - 2 potions of berserk rage
 v - a potion of degeneration {unknown}
 B - 2 potions of ambrosia
 D - 4 potions of magic {unknown}
Miscellaneous
 N - a crystal ball of energy
Comestibles
 f - 6 bread rations
 g - 4 meat rations
 A - 4 chunks of flesh
 M - a slice of pizza
 O - a beef jerky


   Skills:
 + Level 8.0 Fighting
   Level 2.2(5.1) Short Blades
 + Level 8.0(8.2) Long Blades
 + Level 5.5 Maces & Flails
   Level 5.3 Polearms
 + Level 4.6 Throwing
 + Level 9.3 Armour
 + Level 2.1 Dodging
 + Level 0.5 Stealth
 + Level 12.3 Shields
 + Level 1.2 Invocations


You had 10 spell levels left.
You didn't know any spells.

Dungeon Overview and Level Annotations

Branches:
Dungeon (11/15)            Temple (0/1) D:5            Lair (0/6) D:10
    Orc: D:9-12

Altars:
Dithmenos
Elyvilon
Fedhas
Kikubaaqudgha
Okawaru
Sif Muna
Trog
Xom
Yredelemnul


Innate Abilities, Weirdness & Mutations

You reflexively headbutt those who attack you in melee.
You have a pair of horns on your head.


Message History

The yaktaur is lightly wounded.
The yaktaur hits you. You block the yaktaur's attack.
You slash the yaktaur!
The yaktaur is moderately wounded.
The yaktaur hits you but does no damage. x2
The yaktaur wields an uncursed arbalest.
The yaktaur shoots a bolt.
You block the bolt.
The yaktaur wields an uncursed arbalest.
The yaktaur shoots a bolt.
The bolt hits you!!
* * * LOW HITPOINT WARNING * * *
You see here 4 bolts.
You are feeling hungry.
The yaktaur shoots a bolt.
You block the bolt.
Things that are here:
an uncursed arbalest; 17 bolts The yaktaur shoots a bolt.
You block the bolt.
You see here a bolt.
The yaktaur shoots a bolt.
The bolt hits you!!
You die...
Your body rises from the dead as a mindless zombie.

######### #.......#
#####.......##
..######...).)......#
#........c.)(...<...#
########(###...@....###
#########)#
#.......>..#
.....Yg)gc#
#........#.#
###########
########.#.# #####.#.#
#(......# #.###.###
###.###Z# #.....^.Z#


You could see a yaktaur.

Vanquished Creatures
  2 hill giants (D:10)
  A yaktaur (D:11)
  A troll (D:11)
  A merfolk (D:10)
  Prince Ribbit (D:8)
  A two-headed ogre (D:11)
  A hippogriff (D:10)
  15 yaks (D:11)
  A hungry ghost (D:10)
  Edmund (D:5)
  A water moccasin (D:7)
  Duvessa (D:4)
  2 black bears
  2 orc warriors
  2 ice beasts (D:5)
  5 ogres
  2 centaurs
  The ghost of Freeplumber the Cutter, an amateur HaBe of Trog (D:3)
  2 crocodiles
  A big kobold (D:6)
  5 bullfrogs
  A scorpion (D:9)
  Dowan (D:4)
  6 killer bees (D:11)
  9 wights
  2 bullfrog zombies
  2 howler monkeys (D:11)
  A jelly (D:9)
  A crimson imp (D:6)
  A centaur zombie (D:5)
  2 hounds
  3 orc wizards
  3 bullfrog skeletons
  Ijyb (D:2)
  3 iguanas
  8 worker ants
  A hound zombie (D:11)
  Robin (D:3)
  A worker ant zombie (D:9)
  8 adders
  10 gnolls
  A river rat (D:10)
  2 shadow imps
  An ooze (D:2)
  An adder skeleton (D:7)
  4 worms
  3 dart slugs
  6 leopard geckos
  12 orcs
  3 ball pythons
  6 giant cockroaches
  11 goblins
  13 hobgoblins
  12 jackals
  2 quokkas
  12 bats
  2 frilled lizards
  A jackal zombie (D:5)
  28 kobolds
  14 rats
248 creatures vanquished.

Vanquished Creatures (collateral kills)
  A yaktaur (D:11)
  3 hippogriffs
  2 yaks (D:10)
  A crocodile (D:10)
  3 big kobolds
  A bullfrog (D:6)
  A jelly (D:10)
  2 wights (D:10)
  A crimson imp (D:10)
  A hound (D:11)
  A bullfrog skeleton (D:10)
  2 orc wizards (D:7)
  2 worker ants (D:10)
  A gnoll (D:11)
  2 adders
  A howler monkey skeleton (D:10)
  3 shadow imps
  3 kobolds
  10 bats (D:10)
  A rat (D:10)
  A plant (D:10)
43 creatures vanquished.

Vanquished Creatures (others)
  A wraith (D:11)
  A merfolk zombie (D:10)
  3 yak zombies (D:11)
  A wight (D:7)
  A big kobold skeleton (D:6)
  A mummy (D:11)
  An electric eel zombie (D:10)
  A jackal skeleton (D:6)
  A kobold skeleton (D:6)
  An orc zombie (D:6)
  7 fungi (D:10)
  A plant (D:10)
20 creatures vanquished.

Grand Total: 311 creatures vanquished

Notes
Turn   | Place    | Note
-------+----------+-------------------------------------------
     0 | D:1      | Inarius the Minotaur Fighter began the quest for the Orb.
     0 | D:1      | Reached XP level 1. HP: 19/19 MP: 0/0
   243 | D:1      | Reached XP level 2. HP: 27/27 MP: 1/1
   264 | D:1      | Reached skill level 4 in Shields
  1011 | D:2      | Found a basalt altar of Yredelemnul.
  1017 | D:2      | Became a worshipper of Yredelemnul the Dark
  1034 | D:2      | Reached XP level 3. HP: 33/33 MP: 2/2
  1159 | D:2      | Reached skill level 1 in Throwing
  1204 | D:2      | Reached XP level 4. HP: 39/40 MP: 3/3
  1255 | D:2      | Noticed Ijyb
  1260 | D:2      | Paralysed by Ijyb for 7 turns
  1271 | D:2      | Paralysed by Ijyb for 6 turns
  1282 | D:2      | Killed Ijyb
  1282 | D:2      | Reached skill level 1 in Polearms
  1626 | D:2      | Reached * piety under Yredelemnul
  2086 | D:2      | Reached XP level 5. HP: 46/46 MP: 4/4
  2180 | D:3      | Noticed Robin
  2182 | D:3      | Noticed Freeplumber's ghost (amateur HaBe)
  2343 | D:3      | Killed Freeplumber's ghost
  2343 | D:3      | Reached skill level 5 in Shields
  2351 | D:3      | Killed Robin
  2505 | D:3      | Reached XP level 6. HP: 49/53 MP: 5/5
  2651 | D:3      | Reached ** piety under Yredelemnul
  3006 | D:3      | Found a deep blue altar of Sif Muna.
  3071 | D:3      | Reached skill level 1 in Short Blades
  3223 | D:4      | Noticed Duvessa
  3223 | D:4      | Noticed Dowan
  3259 | D:4      | Killed Dowan
  3259 | D:4      | Reached skill level 5 in Armour
  3271 | D:4      | Killed Duvessa
  3271 | D:4      | Reached skill level 1 in Dodging
  3271 | D:4      | Reached skill level 6 in Shields
  3271 | D:4      | Reached XP level 7. HP: 14/60 MP: 6/6
  4278 | D:5      | Entered Level 5 of the Dungeon
  4282 | D:5      | Found a white marble altar of Elyvilon.
  4302 | D:5      | Found a staircase to the Ecumenical Temple.
  4316 | D:5      | Reached skill level 7 in Shields
  4463 | D:5      | Reached XP level 8. HP: 52/67 MP: 7/7
  4506 | D:5      | Noticed Edmund
  4527 | D:5      | Killed Edmund
  4527 | D:5      | Reached skill level 5 in Fighting
  4964 | D:5      | Reached skill level 5 in Long Blades
  5051 | D:5      | Found a bloodstained altar of Trog.
  5060 | D:5      | Found an iron altar of Okawaru.
  5060 | D:5      | Found an ancient bone altar of Kikubaaqudgha.
  5375 | D:6      | Reached skill level 1 in Maces & Flails
  5429 | D:6      | Found a blossoming altar of Fedhas.
  5459 | D:6      | Reached *** piety under Yredelemnul
  5931 | D:6      | Reached XP level 9. HP: 72/75 MP: 8/8
  6112 | D:6      | Reached skill level 5 in Maces & Flails
  6757 | D:7      | Found a shimmering altar of Xom.
  6947 | D:7      | Received a gift from Yredelemnul (a wight)
  6949 | D:7      | Reached skill level 8 in Shields
  8087 | D:8      | Noticed Prince Ribbit
  8544 | D:8      | Killed Prince Ribbit
  8566 | D:8      | Reached skill level 5 in Polearms
  8843 | D:8      | Reached **** piety under Yredelemnul
  9349 | D:9      | Reached skill level 1 in Invocations
  9525 | D:9      | Found a shadowy altar of Dithmenos.
  9716 | D:9      | Reached skill level 9 in Shields
  9778 | D:10     | Entered Level 10 of the Dungeon
  9811 | D:10     | Noticed a hill giant
  9832 | D:10     | Killed a hill giant
  9832 | D:10     | Reached XP level 10. HP: 32/86 MP: 9/9
 10261 | D:10     | Received a gift from Yredelemnul (a mummy)
 10587 | D:10     | Found a staircase to the Lair.
 10707 | D:10     | Reached skill level 10 in Shields
 11029 | D:11     | Noticed a hill giant
 11039 | D:10     | Killed a hill giant
 11584 | D:11     | Reached skill level 11 in Shields
 12105 | D:11     | Received a gift from Yredelemnul (a wraith)
 12238 | D:11     | Reached XP level 11. HP: 70/93 MP: 10/10
 12452 | D:11     | Reached skill level 12 in Shields
 12524 | D:11     | Reached ***** piety under Yredelemnul
 12546 | D:11     | HP: 3/94 [yaktaur/bolt (30)]
 12554 | D:11     | Shot with a bolt by a yaktaur

Skill      XL: |  1  2  3  4  5  6  7  8  9 10 11 |
---------------+----------------------------------+-----
Shields        | 4 5 6 7 9 11 12 | 12.3
Armour         | 4 5 6 7 8 9 |  9.3
Throwing       | 1 2 3 4 |  4.6
Polearms       | 1 2 5 |  5.3
Fighting       | 4 6 7 8 |  8.0
Short Blades   | 1 2 |  2.2
Dodging        | 1 2 |  2.1
Long Blades    | 3 5 7 8 |  8.0
Maces & Flails | 4 5 |  5.5
Invocations    | 1 |  1.2
Stealth        | |  0.5

Action                   |  1- 3 |  4- 6 |  7- 9 | 10-12 || total
-------------------------+-------+-------+-------+-------++-------
Melee: Long sword        |    33 |       |   128 |   530 ||   691
       Spear             |    29 |   143 |       |       ||   172
       Headbutt          |     6 |    33 |    85 |   118 ||   242
       Short sword       |       |    82 |    19 |       ||   101
       Dire flail        |       |       |    91 |       ||    91
       Trident           |       |       |   165 |       ||   165
Throw: Javelin           |    36 |    40 |     1 |     6 ||    83
       Tomahawk          |       |     5 |    56 |     9 ||    70
Invok: Animate Dead      |       |       |     3 |     2 ||     5
       Animate Remains   |       |       |     1 |       ||     1
  Use: Scroll            |     4 |     6 |     6 |     1 ||    17
       Potion            |       |     1 |       |     5 ||     6
 Stab: Distracted        |       |     1 |       |     1 ||     2
  Eat: Chunk             |     1 |     7 |    15 |     3 ||    26
       Royal jelly       |       |       |     2 |       ||     2
       Fruit             |       |       |     2 |       ||     2
       Pizza             |       |       |     1 |     1 ||     2
       Meat ration       |       |       |       |     1 ||     1
       Bread ration      |       |       |       |     1 ||     1
Armor: Scale mail        |     7 |       |       |       ||     7
       Chain mail        |    13 |   141 |       |       ||   154
       Plate armour      |       |    29 |   203 |   246 ||   478
Dodge: Dodged            |    15 |    74 |    88 |    64 ||   241
Block: Shield            |    28 |   141 |       |       ||   169
       Large shield      |       |    37 |   241 |   610 ||   888
       Rpst.: Long sword |     2 |       |     5 |    21 ||    28
